 Dungeon Crawl Stone Soup version 0.22-a0-281-g2e20325899 (webtiles) character file.

4994 Nvm9 the Protected (level 10, -6/79 HPs)
             Began as a Demonspawn Fighter on Mar 17, 2018.
             Mangled by an orc warrior
             ... wielding a +0 halberd
              (7 damage)
             ... on level 8 of the Dungeon.
             The game lasted 00:13:34 (7968 turns).

Nvm9 the Protected (Demonspawn Fighter)             Turns: 7968, Time: 00:13:35

Health: -6/79      AC: 19    Str: 31    XL:     10   Next: 29%
Magic:  10/10      EV:  6    Int:  9    God:
Gold:   364        SH: 12    Dex: 14    Spells: 9/9 levels left

rFire    . . .     SeeInvis +   n - +0 war axe (venom)
rCold    . . .     Gourm    .   c - +0 shield
rNeg     . . .     Faith    .   C - +0 plate armour
rPois    +         Spirit   .   (no helmet)
rElec    .         Reflect  .   G - +0 cloak
rCorr    .         Harm     +   (no gloves)
MR       .....                  (no boots)
Stlth    ..........             u - amulet of harm
HPRegen  0.23/turn              k - +4 ring of protection
MPRegen  0.12/turn              w - +5 ring of strength

@: mighty
A: claws 2, talons 1, see invisible, agile 1, demonic guardian 2, poison
resistance, powered by pain 2
a: no special abilities


You were on level 8 of the Dungeon.
You were not hungry.

You visited 1 branch of the dungeon, and saw 8 of its levels.
You also visited: Ossuary.

You collected 364 gold pieces.

Inventory:

Hand Weapons
 a - a +0 war axe
 n - a +0 war axe of venom (weapon)
 D - the cursed +1 scythe "Karuf" {flame, Str+6}
   (You found it on level 7 of the Dungeon)

   It has been specially enchanted to burn those struck by it, causing extra
   injury to most foes and up to half again as much damage against particularly
   susceptible opponents.
   Big, fiery blades are also staple armaments of hydra-hunters.
   It affects your strength (+6).
   It has a curse placed upon it.
Missiles
 h - 3 throwing nets (quivered)
Armour
 b - a +0 scale mail
 c - a +0 shield (worn)
 o - a +1 chain mail
 C - a +0 plate armour (worn)
 G - a +0 cloak (worn)
Jewellery
 k - a +4 ring of protection (left claw)
 q - an uncursed ring of protection from magic
 r - an uncursed amulet of guardian spirit
 u - an amulet of harm (around neck)
 w - a +5 ring of strength (right claw)
 y - an uncursed ring of fire
Wands
 B - a wand of clouds (7)
 F - a wand of enslavement (17)
 H - a wand of flame (28)
Scrolls
 e - 2 scrolls of amnesia
 g - a scroll of fog
 i - 3 scrolls of identify
 l - 6 scrolls of remove curse
 t - 3 scrolls of enchant armour
 v - a scroll of random uselessness
 A - a scroll of blinking
 E - a scroll of teleportation {unknown}
Potions
 d - 4 potions of might
 j - 9 potions of heal wounds
 m - a potion of magic
 p - 2 potions of flight
 s - 7 potions of curing
 x - a potion of ambrosia
 z - 4 potions of haste
Comestibles
 f - 16 rations


   Skills:
 + Level 7.4 Fighting
 + Level 6.5 Axes
 * Level 9.3 Armour
 + Level 6.8 Shields


You had 9 spell levels left.
You didn't know any spells.

Dungeon Overview and Level Annotations

Branches:
Dungeon (8/15)             Temple (0/1) D:7
   Lair: D:8-11

Altars:
Cheibriados
Dithmenos
Elyvilon
Fedhas
Hepliaklqana
Kikubaaqudgha
Makhleb
Okawaru
Vehumet
Wu Jian
Zin

Annotations:
D:6 1 exclusion, Blork the orc


Innate Abilities, Weirdness & Mutations

You have very sharp fingernails.
A demonic guardian rushes to your aid.
You sometimes gain power by taking damage.
You have sharp toenails.
You have supernaturally acute eyesight. (SInv)
You are agile. (Dex +2)
Your system is resistant to poisons. (rPois)


Message History

The orc warrior hits you from afar with a halberd!
* * * LOW HITPOINT WARNING * * *
You focus on the pain.
You feel very mighty all of a sudden.
You swap places.
The centaur zombie barely misses you.
Your smoke demon hits the centaur zombie but does no damage.
Your smoke demon hits the centaur zombie. x2
The centaur zombie is destroyed!
A jelly comes into view.
Things that are here:
a ring mail; a flail; a scale mail You swap places.
The gnoll shaman calls upon its god to speed up something.
The orc warrior hits you from afar with a halberd!
* * * LOW HITPOINT WARNING * * *
Your smoke demon barely misses the orc warrior. x2
Your smoke demon hits the orc warrior but does no damage.
There is a stone staircase leading up, spattered with blood here.
The orc warrior hits you from afar with a halberd.
You die...

.. .. >J ...
##.# ....
###..##....
#..g.....#
#......>.#
#..o.....#
#.#.)3)....#
#....@)...##
#.........#
#>........#
#....#######
#.... #?...
#.... ####


You could see an orc warrior, a gnoll shaman, a jelly and a friendly smoke
demon.

Vanquished Creatures
  Pikel (D:4)
  Grinder (D:3)
  A hippogriff (D:7)
  2 hungry ghosts (D:7)
  A water moccasin (D:7)
  An ice beast (D:6)
  A black bear (D:7)
  A necrophage (D:7)
  A slave (D:4)
  A phantom (D:5)
  3 ogres
  2 centaurs (D:7)
  2 bullfrogs (D:7)
  A gnoll sergeant (D:4)
  5 scorpions
  3 wights (D:7)
  A bullfrog zombie (D:2)
  7 crimson imps
  4 centaur zombies
  A jelly (D:7)
  3 gnoll shamans (D:4)
  2 hounds
  5 orc wizards
  An orc priest (D:4)
  5 worker ants
  A hound zombie (D:8)
  A mummy (Ossuary)
  39 gnolls
  2 howler monkey skeletons
  6 adders
  A shadow imp (D:6)
  2 adder skeletons
  2 worms (D:3)
  2 dart slugs (D:1)
  6 leopard geckos
  21 orcs
  2 ball pythons
  8 bats
  4 giant cockroaches
  9 goblins
  7 hobgoblins
  14 jackals
  4 frilled lizards
  10 hobgoblin zombies (Ossuary)
  5 kobolds
  7 kobold zombies (Ossuary)
  6 orc zombies (Ossuary)
  A quokka zombie (D:7)
  12 rats
228 creatures vanquished.

Vanquished Creatures (collateral kills)
  A two-headed ogre (D:7)
  A necrophage (D:8)
  An ogre (D:4)
  A centaur (D:4)
  An elf zombie (Ossuary)
  A bullfrog (D:7)
  A scorpion (D:7)
  A killer bee (D:7)
  A crimson imp (D:5)
  A centaur zombie (D:8)
  A gnoll shaman (D:7)
  2 human zombies (Ossuary)
  An orc wizard (D:5)
  An iguana (D:5)
  A big kobold zombie (Ossuary)
  A mummy (Ossuary)
  A worker ant zombie (D:5)
  6 gnolls
  An adder zombie (Ossuary)
  3 orcs
  2 jackals
  A quokka (D:5)
  3 kobold zombies (Ossuary)
  An orc zombie (Ossuary)
  A rat zombie (Ossuary)
36 creatures vanquished.

Vanquished Creatures (others)
  A slave (D:4)
  An ogre (D:4)
  A gnoll (D:4)
  9 jackals (D:4)
  4 fungi (D:5)
16 creatures vanquished.

Grand Total: 280 creatures vanquished

Notes
Turn   | Place    | Note
-------+----------+-------------------------------------------
     0 | D:1      | Nvm9 the Demonspawn Fighter began the quest for the Orb.
     0 | D:1      | Reached XP level 1. HP: 18/18 MP: 1/1
   172 | D:1      | Gained mutation: You sometimes gain a little power by taking damage. [demonic ancestry]
   172 | D:1      | Reached XP level 2. HP: 20/24 MP: 2/2
   222 | D:1      | Reached skill level 3 in Armour
   477 | D:1      | Gained mutation: You have sharp fingernails. [demonic ancestry]
   477 | D:1      | Reached XP level 3. HP: 29/29 MP: 3/3
  1130 | D:2      | Reached XP level 4. HP: 33/35 MP: 4/4
  1549 | D:3      | Gained mutation: A weak demonic guardian rushes to your aid. [demonic ancestry]
  1549 | D:3      | Reached XP level 5. HP: 8/42 MP: 5/5
  1806 | D:3      | Noticed Grinder
  1829 | D:3      | Killed Grinder
  1829 | D:3      | Reached skill level 4 in Armour
  1829 | D:3      | Reached XP level 6. HP: 40/48 MP: 6/6
  1924 | D:3      | Found a shadowy altar of Dithmenos.
  1928 | D:3      | Found an iron altar of Okawaru.
  1934 | D:3      | Found a snail-covered altar of Cheibriados.
  2383 | D:4      | Found an ancient bone altar of Kikubaaqudgha.
  2800 | D:4      | Reached skill level 5 in Armour
  2800 | D:4      | Reached XP level 7. HP: 55/55 MP: 7/7
  3084 | D:4      | Found a blossoming altar of Fedhas.
  3113 | D:4      | Noticed Pikel
  3125 | D:4      | Killed Pikel
  3125 | D:4      | Reached skill level 5 in Fighting
  3125 | D:4      | Reached skill level 6 in Armour
  3125 | D:4      | Gained mutation: You have very sharp fingernails. [demonic ancestry]
  3125 | D:4      | Reached XP level 8. HP: 54/62 MP: 8/8
  3374 | D:4      | Reached skill level 5 in Shields
  4749 | D:5      | Entered Level 5 of the Dungeon
  4803 | D:5      | Found a hazy altar of Hepliaklqana.
  4820 | D:5      | Reached skill level 7 in Armour
  4831 | D:5      | Reached skill level 5 in Axes
  5091 | D:5      | Gained mutation: You are agile. (Dex +2) [potion of mutation]
  5091 | D:5      | Gained mutation: Your system is resistant to poisons. (rPois) [potion of mutation]
  5091 | D:5      | Gained mutation: You have sharp toenails. [potion of mutation]
  5091 | D:5      | Gained mutation: You have supernaturally acute eyesight. (SInv) [potion of mutation]
  5161 | D:5      | Gained mutation: A demonic guardian rushes to your aid. [demonic ancestry]
  5161 | D:5      | Reached XP level 9. HP: 69/69 MP: 9/9
  5441 | D:6      | Found a sand-covered staircase.
  5446 | Ossuary  | Entered an ossuary
  6024 | D:6      | Found an ornate altar of the Wu Jian Council.
  6549 | D:6      | Noticed Blork the orc
  6656 | D:6      | Found a radiant altar of Vehumet.
  6657 | D:6      | Found a burning altar of Makhleb.
  6821 | D:7      | Reached skill level 8 in Armour
  6913 | D:7      | Noticed a two-headed ogre
  6919 | D:7      | Killed a two-headed ogre
  6931 | D:7      | Gained mutation: You sometimes gain power by taking damage. [demonic ancestry]
  6931 | D:7      | Reached XP level 10. HP: 64/79 MP: 10/10
  6958 | D:7      | Reached skill level 9 in Armour
  7141 | D:7      | Got a faintly glowing scythe
  7166 | D:7      | Identified the cursed +1 scythe "Karuf" {flame, Str+6} (You found it on level 7 of the Dungeon)
  7524 | D:7      | Found a staircase to the Ecumenical Temple.
  7605 | D:7      | Found a white marble altar of Elyvilon.
  7644 | D:7      | Noticed an angel
  7645 | D:7      | Found a glowing silver altar of Zin.
  7967 | D:8      | HP: 1/79 [orc warrior/halberd (12)]
  7968 | D:8      | Mangled by an orc warrior

Vault maps used:
D:1:      ncdulo_lavacross
D:2:      first_ration
D:3:      minitemple, uniq_grinder
D:4:      lemuel_castle_with_subvaults, fedhas_bush_and_centaur_altar,
          kiku_gazebo_garden_becter, kennysheep_cross_room, uniq_pikel
D:5:      nicolae_overflow_hidden_temple, serial_aquarium,
          aquarium_bridge_straight, aquarium_window_corridor_3,
          aquarium_window_fake, aquarium_view_2c, aquarium_view_2d,
          aquarium_pool_2, serial_bayou_lagoon_a
D:6:      grunt_temple_overflow_lords_of_destruction, tgw_sif,
          marbit_many_paths, enter_ossuary_2
D:7:      hangedman_cross_stitches, overflow_temple_1_default, zin_angel,
          minmay_temple_entry_trees, grunt_ogre_cave
D:8:      kennysheep_little_box, nemelex_altar_shiori, serial_shops, shop,
          serial_undead, serial_undead_a, serial_undead_d, serial_undead_b,
          serial_undead_e, nicolae_good_shop, uniq_maurice
Ossuary:  ossuary_tomb_1

Skill      XL: |  1  2  3  4  5  6  7  8  9 10 |
---------------+-------------------------------+-----
Armour         | 3 4 5 6 7 8 9 |  9.3
Axes           | 2 3 4 5 6 |  6.5
Shields        | 3 4 5 6 |  6.8
Fighting       | 4 5 6 7 |  7.4

Action                   |  1- 3 |  4- 6 |  7- 9 | 10-12 || total
-------------------------+-------+-------+-------+-------++-------
Melee: War axe           |   118 |   124 |   312 |    79 ||   633
       Kick              |       |       |    47 |    26 ||    73
  Use: Potion            |       |     6 |     4 |       ||    10
       Scroll            |       |     6 |     6 |     3 ||    15
 Stab: Distracted        |       |     1 |     1 |       ||     2
  Eat: Chunk             |       |     6 |     5 |     3 ||    14
       Ration            |       |       |     3 |     1 ||     4
Armor: Scale mail        |    67 |       |       |       ||    67
       Chain mail        |     8 |    72 |   155 |       ||   235
       Plate armour      |       |       |    45 |    41 ||    86
Dodge: Dodged            |    52 |    35 |    67 |    20 ||   174
Block: Shield            |    61 |    72 |   178 |    41 ||   352

Table legend:
 A = Spawn XP
 B = Non-spawn XP
 C = Spawn XP percentage of total XP
 D = Spawn monster count
 E = Non-spawn monster count
 F = Spawn count percentage of total count
 G = Total turns spent on level
                    A         B        C        D         E        F      G
               +---------+---------+-------+---------+---------+-------+---------
         Total |       0 |    7135 |   0.0 |       0 |     263 |   0.0 |  7968
               +---------+---------+-------+---------+---------+-------+---------
           D:1 |       0 |      54 |   0.0 |       0 |      30 |   0.0 |   590
           D:2 |       0 |     103 |   0.0 |       0 |      21 |   0.0 |   847
           D:3 |       0 |     412 |   0.0 |       0 |      30 |   0.0 |   883
           D:4 |       0 |    1783 |   0.0 |       0 |      62 |   0.0 |  2429
           D:5 |       0 |     589 |   0.0 |       0 |      21 |   0.0 |   655
           D:6 |       0 |     465 |   0.0 |       0 |      10 |   0.0 |  1087
           D:7 |       0 |    3149 |   0.0 |       0 |      41 |   0.0 |  1140
           D:8 |       0 |     255 |   0.0 |       0 |      10 |   0.0 |    13
       Ossuary |       0 |     325 |   0.0 |       0 |      38 |   0.0 |   324
               +---------+---------+-------+---------+---------+-------+---------
